 Dungeon Crawl Stone Soup version 0.31.0-12-g77e489cdc1 (webtiles) character file.

Game seed: 10223727072717238488

170291 cdecastro the Metamorph (level 17, 0/192 HPs)
             Began as a Black Draconian Shapeshifter on Feb 9, 2024.
             Was a High Priest of Trog.
             Killed from afar by a merfolk aquamancer (30 damage)
             ... with a shard of ice
             ... on level 4 of the Shoals on Feb 12, 2024.
             The game lasted 01:37:17 (39750 turns).

cdecastro the Metamorph (DrSh)                     Turns: 39750, Time: 01:37:18

Health: 0/192      AC: 31    Str: 18    XL:     17   Next: 37%
Magic:  17/17      EV: 24    Int: 10    God:    Trog [*****.]
Gold:   1251       SH:  5    Dex: 24    Spells: 16/16 levels left

rFire   + .          .
                       - Unarmed
rCold   x . .        (no shield)
rNeg    + . .        (body armour unavailable)
rPois   ∞            f - +2 hat
rElec   +            I - +0 cloak
rCorr   .            l - melded +0 pair of gloves
SInv    .            k - melded +2 pair of boots {rampage}
Will    +....        w - amulet of reflection
Stlth   ++           j - +6 ring of dexterity
HPRegen 0.52/turn    Y - ring of fire
MPRegen 0.15/turn

%: reflection
@: statue-form, flying, very slow
A: slow and powerful, torment resistance 1, flying, boosted hp, (breathe
lightning), AC +9, unfitting armour, big wings, electricity resistance,
cold-blooded
a: Begin Untransformation, Renounce Religion, Berserk, Trog's Hand, Brothers in
Arms


You were on level 4 of the Shoals.
You worshipped Trog.
Trog was extremely pleased with you.
You were a living statue of rough stone.
You visited 5 branches of the dungeon, and saw 27 of its levels.
You also visited: Trove, Sewer and Ice Cave.

You collected 4095 gold pieces.
You spent 2844 gold pieces at shops.

Inventory:

Armour
 f - a +2 hat (worn)
 k - a +2 pair of boots of rampaging (melded)
 l - a +0 pair of gloves (melded)
 I - a +0 cloak (worn)
Jewellery
 b - a ring of positive energy
 j - a +6 ring of dexterity (left fist)
 p - a +6 ring of dexterity
 r - a ring of ice
 w - an amulet of reflection (around neck)
 D - a +6 ring of dexterity
 K - a +6 ring of strength
 N - a ring of see invisible
 Y - a ring of fire (right fist)
Talismans
 c - a maw talisman
 S - a granite talisman (active)
 V - a serpent talisman
 W - a blade talisman
Wands
 s - a wand of acid (10)
 v - a wand of flame (37)
 E - a wand of charming (11)
 J - a wand of polymorph (5)
 L - a wand of roots (27)
 Q - a wand of digging (7)
 Z - a wand of mindburst (15)
Scrolls
 e - 16 scrolls of teleportation
 h - 9 scrolls of blinking
 i - 5 scrolls of torment
 o - 2 scrolls of butterflies
 q - 2 scrolls of fear
 u - 2 scrolls of vulnerability
 x - 3 scrolls of noise
 y - 4 scrolls of poison
 F - 2 scrolls of fog
 G - 9 scrolls of revelation
 H - 3 scrolls of immolation
 P - a scroll of brand weapon
 R - 3 scrolls of silence
Potions
 a - 6 potions of lignification
 d - 4 potions of berserk rage
 g - 3 potions of mutation
 m - 6 potions of might
 n - 6 potions of haste
 t - 6 potions of resistance
 z - 9 potions of curing
 B - 6 potions of attraction
 C - a potion of invisibility
 M - 3 potions of ambrosia
 O - 4 potions of cancellation
 T - 2 potions of magic
 U - 2 potions of enlightenment
Miscellaneous
 A - a lightning rod (4/4)


   Skills:
 * Level 12.7 Fighting
 - Level 13.3 Dodging
 - Level 16.0 Unarmed Combat
 - Level 11.1 Evocations
 + Level 17.5 Shapeshifting


You had 16 spell levels left.
You didn't know any spells.
Your spell library contained the following spells:

 Spells                   Type           Power      Damage    Failure   Level
 Shock                    Conj/Air       0%         1d3       36%         1
 Cigotuvi's Dreadful Rot  Necr/Alch/Air  0%         N/A       50%         2
 Lesser Beckoning         Tloc           0%         N/A       50%         2
 Momentum Strike          Conj/Tloc      0%         3d8       50%         2
 Frozen Ramparts          Ice            0%         1d1       75%         3
 Gell's Gravitas          Tloc           0%         N/A       75%         3
 Inner Flame              Hex/Fire       0%         N/A       75%         3
 Swiftness                Air            0%         N/A       75%         3
 Teleport Other           Tloc           0%         N/A       75%         3
 Tukima's Dance           Hex            0%         N/A       75%         3
 Airstrike                Air            0%         2d(0-16)  98%         4
 Ignite Poison            Fire/Alch      0%         N/A       98%         4
 Iskenderun's Mystic Bla  Conj/Tloc      0%         2d3       98%         4
 Manifold Assault         Tloc           0%         N/A       98%         4
 Passage of Golubria      Tloc           0%         N/A       98%         4
 Alistair's Intoxication  Alch           0%         N/A       100%        5
 Borgnjor's Vile Clutch   Necr/Erth      0%         N/A       100%        5
 Freezing Cloud           Conj/Ice/Air   0%         6-21      100%        5
 Irradiate                Conj/Alch      0%         3d11      100%        5
 Yara's Violent Unravell  Hex/Alch       0%         3d3       100%        5
 Dispersal                Tloc           0%         N/A       100%        6
 Eringya's Noxious Bog    Alch           0%         4d6       100%        6
 Disjunction              Tloc           0%         N/A       100%        8
 Ignition                 Fire           0%         3d3       100%        8


Dungeon Overview and Level Annotations

Branches:
Dungeon (15/15)            Temple (1/1) D:7            Lair (5/5) D:10
 Shoals (4/4) Lair:2       Spider (0/4) Lair:3        Slime (0/5) Lair:4
    Orc (2/2) D:10            Elf (0/3) Orc:2        Vaults (0/5) D:14
 Depths (0/4) D:15          Sewer (visited)           IceCv (visited)

Altars:
Ashenzari
Cheibriados
Dithmenos
Elyvilon
Fedhas
Gozag
Hepliaklqana
Kikubaaqudgha
Makhleb
Nemelex Xobeh
Okawaru
Qazlal
Ru
Sif Muna
Trog
Uskayaw
Vehumet
Wu Jian
Xom
Yredelemnul
Zin
The Shining One
Jiyva

Shops:
D:4 *   D:10 [(   Orc:1 ?   Orc:2 *([*?(   Shoals:3 !


Innate Abilities, Weirdness & Mutations

You are a living statue of rough stone.
Your actions are slow, but your melee attacks are powerful.
You are resistant to unholy torment.
You are flying.
Your maximum health is greatly increased.
Your equipment is partially melded.
((You can breathe wild blasts of lightning.))
((Your glossy black scales are hard. (AC +9)))
You cannot fit into any form of body armour.
You are immune to poison.
Your large and strong wings let you fly.
You are resistant to electric shocks. (rElec)
You are cold-blooded and may be slowed by cold attacks.


Message History

Trog accepts your kill.
Trog appreciates your killing of a magic user.
You hear a splash.
The merfolk closely misses you.
You punch the merfolk!
The merfolk is moderately wounded.
You block the merfolk's attack.
You punch the merfolk!
The merfolk is moderately wounded.
The merfolk misses you.
You closely miss the merfolk. You tail-slap the merfolk.
The merfolk is heavily wounded.
The merfolk misses you.
You squash the merfolk like an ant!!!
You kill the merfolk!
Trog accepts your kill.
The merfolk aquamancer gestures at you while chanting.
The shard of ice hits you!
You feel a painful chill!
* * * LOW HITPOINT WARNING * * *
Things that are here:
a +0 trident; a merfolk corpse The merfolk aquamancer points at you and mumbles some strange words.
You block the shard of ice... and reflect it back!
The shard of ice hits the merfolk aquamancer!!!
The merfolk aquamancer casts a spell at you.
The shard of ice misses you.
The merfolk aquamancer gestures at you while chanting.
The ball of steam hits you! You resist.
* * * LOW HITPOINT WARNING * * *
The merfolk aquamancer is engulfed in a cloud of scalding steam.
The merfolk aquamancer gestures at you while chanting.
The shard of ice hits you.
* * * LOW HITPOINT WARNING * * *
The merfolk aquamancer casts a spell at you.
The shard of ice hits you!!
You feel a painful chill!
* * * LOW HITPOINT WARNING * * *
There is a stone staircase leading up here.
The merfolk aquamancer points at you and mumbles some strange words.
The shard of ice hits you!!
You feel a painful chill!
You die...

≈≈≈≈≈≈≈≈≈≈~~~......~≈≈≈≈≈≈≈≈≈~...
≈≈≈≈≈≈≈≈≈~~........~≈≈≈≈≈≈≈≈~~...
≈≈≈≈≈≈≈≈≈~#####....~≈≈≈≈≈≈≈~~....
≈≈≈≈≈≈≈~~##...##...~~≈≈≈≈~~......
≈≈≈≈≈≈~~.#.....#...~(≈≈≈~~[......
≈≈≈≈≈≈~~.#..)†.#...~~~~~~...≈≈≈≈≈
≈≈≈≈≈~~~.#...))#...~~~~~..)≈≈≈♣..
≈≈≈≈≈≈~~.##.).##...~~~~....≈♣♣.[♣
≈≈≈≈≈≈~~~.##'##.8.m~~...)..≈≈♣♣≈≈
≈≈≈≈≈≈~~~.........~~.....)..≈≈≈≈≈
≈≈≈≈≈≈~~~.....)...~~...).........
≈≈≈≈≈≈≈~~........~~~(............
≈≈≈≈≈≈≈≈~~~~....~~~~..........~~~
≈≈≈≈≈≈≈≈≈≈~~~~~~~~~...(....~≈≈≈≈≈
≈≈≈≈≈≈≈≈≈≈≈≈~~~~~~~~~~~≈≈≈≈≈≈≈≈≈≈
≈≈≈≈≈≈≈≈≈≈≈≈≈≈≈≈≈≈≈~≈≈≈≈≈≈≈≈≈≈≈≈≈
≈≈≈≈≈≈≈≈≈≈≈≈≈≈≈≈≈≈≈≈≈≈≈≈≈≈≈≈≈≈≈≈≈


You could see a merfolk aquamancer.

Vanquished Creatures
  Polyphemus (Shoals:4)
  Gastronok (Lair:1)
  A reaper (IceCv)
  Josephine (Lair:4)
  7 merfolk impalers
  A great orb of eyes (D:15)
  3 merfolk avatars
  3 vault guards (D:14)
  Harold (D:9)
  2 death knights
  2 hydras
  10 two-headed ogres
  5 ogre magi
  2 satyrs
  7 boulder beetles
  9 centaur warriors
  9 death yaks
  An alligator snapping turtle (Shoals:4)
  An occultist (D:14)
  4 tengu warriors
  4 sun demons
  A skyshark (Shoals:2)
  3 skeletal warriors
  12 sea snakes
  2 sun moths
  2 deep trolls (Orc:1)
  A lindwurm (shapeshifter) (D:15)
  3 lindwurms
  16 harpies
  2 deep elf pyromancers
  16 ugly things
  An orc sorcerer (Orc:2)
  24 manticores
  A salamander (shapeshifter) (D:14)
  11 cyclopes
  2 wolf spiders (Lair:3)
  16 fauns
  19 elephants
  9 merfolk sirens
  A kobold blastminer (Orc:1)
  A black mamba (Lair:4)
  2 gargoyles
  8 cane toads
  4 water nymphs
  2 ice statues (IceCv)
  2 kobold demonologists
  2 efreet (D:14)
  3 torpor snails
  7 komodo dragons
  5 rime drakes
  5 freezing wraiths (D:14)
  A tengu conjurer (Shoals:4)
  An anaconda simulacrum (IceCv)
  A guardian mummy (D:15)
  3 ice devils (IceCv)
  A troll (shapeshifter) (D:10)
  31 merfolk
  10 trolls
  6 polar bears
  Prince Ribbit (D:5)
  9 hornets
  10 wind drakes
  A wolf spider simulacrum (D:14)
  11 blink frogs (Lair:2)
  9 dream sheep
  7 snapping turtles
  11 slime creatures
  14 spriggans (Lair:5)
  5 wraiths
  6 jumping spiders (Lair:3)
  10 water elementals
  A shadow (D:12)
  A wyvern (Lair:3)
  4 vampires
  A culicivora (Lair:3)
  49 yaks
  2 humans (D:14)
  7 basilisks
  A redback (Lair:3)
  The ghost of tymior the Sneak, an amateur DsDe (D:6)
  A steam dragon (shapeshifter) (D:14)
  15 vampire mosquitoes
  8 water moccasins
  Duvessa (D:4)
  A sky beast (D:6)
  10 orc warriors
  4 black bears
  2 ice beasts (D:6)
  23 ogres
  4 boggarts
  20 wolves
  4 centaurs
  4 kobold brigands
  Blork the orc (D:5)
  17 bullfrogs
  2 gnoll sergeants
  A cane toad simulacrum (IceCv)
  2 scorpions
  2 two-headed ogre simulacra (IceCv)
  Dowan (D:4)
  7 killer bees (D:10)
  3 elephant simulacra (IceCv)
  2 electric eels (Lair:2)
  3 howler monkeys
  A bombardier beetle (D:5)
  4 lava snakes (Lair:3)
  4 quasits (D:6)
  4 hounds
  4 orc priests
  2 jellies (D:4)
  5 iguanas
  Jessica (D:2)
  Natasha (thrice) (D:2)
  14 orc wizards
  3 troll simulacra (IceCv)
  2 spriggan simulacra (IceCv)
  2 polar bear simulacra (IceCv)
  9 gnolls
  15 adders
  3 naga simulacra (IceCv)
  A white imp (IceCv)
  3 ufetubi
  9 dart slugs (Sewer)
  2 ribbon worms
  49 orcs
  17 endoplasms
  13 giant cockroaches
  9 goblins
  4 hobgoblins
  8 jackals
  29 kobolds
  A quokka (D:5)
  21 ball pythons
  5 bats (D:2)
  14 frilled lizards
  16 rats
888 creatures vanquished.

Vanquished Creatures (collateral kills)
  A rakshasa (D:15)
  An ogre mage (D:10)
  A hydra (D:14)
  A merfolk aquamancer (Shoals:3)
  4 skeletal warriors (D:12)
  A deep elf pyromancer (D:10)
  A cyclops (D:12)
  An ugly thing (D:15)
  A manticore (D:10)
  3 merfolk (Shoals:3)
  A snapping turtle (Shoals:3)
  3 slime creatures (D:15)
  A water elemental (Shoals:3)
  A harpy simulacrum (IceCv)
  An orc warrior (D:10)
  A wolf simulacrum (IceCv)
  2 kobolds (D:12)
25 creatures vanquished.

Vanquished Creatures (others)
  A catoblepas (D:14)
  A deep elf pyromancer (D:15)
  A manticore (D:14)
  6 humans (D:14)
  An orc wizard (D:9)
10 creatures vanquished.

Grand Total: 923 creatures vanquished

Notes
Turn   | Place    | Note
-------+----------+-------------------------------------------
     0 | D:1      | cdecastro the Draconian Shapeshifter began the quest for
                  | the Orb.
     0 | D:1      | Reached XP level 1. HP: 16/16 MP: 1/1
   161 | D:1      | Found a faded altar of an unknown god.
   195 | D:1      | Reached XP level 2. HP: 19/23 MP: 2/2
   214 | D:1      | Prayed at the altar of an unknown god.
   214 | D:1      | Became a worshipper of Trog the Wrathful
   214 | D:1      | Reached * piety under Trog
   458 | D:1      | Reached XP level 3. HP: 28/28 MP: 3/3
  1059 | D:2      | Found a snail-covered altar of Cheibriados.
  1136 | D:2      | Reached ** piety under Trog
  1316 | D:2      | Noticed Natasha
  1328 | D:2      | Killed Natasha
  1329 | D:2      | Reached XP level 4. HP: 17/35 MP: 4/4
  1446 | D:2      | Noticed Natasha
  1453 | D:2      | Killed Natasha
  1617 | D:2      | Noticed Natasha
  1631 | D:2      | Killed Natasha
  1632 | D:2      | Reached skill level 5 in Unarmed Combat
  1632 | D:2      | Reached XP level 5. HP: 32/40 MP: 5/5
  1747 | D:3      | Noticed Jessica
  1750 | D:3      | Reached skill level 4 in Shapeshifting
  1768 | D:2      | Killed Jessica
  1799 | D:3      | Found a glowing drain.
  1816 | D:3      | Reached *** piety under Trog
  1838 | Sewer    | Entered a sewer
  2191 | Sewer    | Reached XP level 6. HP: 40/47 MP: 6/6
  2374 | Sewer    | Reached **** piety under Trog
  2597 | D:3      | Found a radiant altar of Vehumet.
  2598 | D:3      | Found a basalt altar of Yredelemnul.
  3093 | D:4      | Found an iron altar of Okawaru.
  3100 | D:4      | Noticed Dowan
  3128 | D:4      | Killed Dowan
  3129 | D:4      | Your scales start taking on a glossy black colour.
  3129 | D:4      | Reached XP level 7. HP: 52/52 MP: 7/7
  3129 | D:4      | Gained mutation: You are resistant to electric shocks.
                  | (rElec) [Black Draconian growth]
  3198 | D:4      | Reached skill level 5 in Shapeshifting
  3323 | D:4      | Noticed Duvessa
  3330 | D:4      | Killed Duvessa
  3646 | D:4      | Found Roir Cenk's Specific Store.
  3648 | D:4      | Found Jauxot's General Store.
  3653 | D:4      | Bought a scroll of identify for 24 gold pieces
  3659 | D:4      | Bought a potion of curing for 30 gold pieces
  3659 | D:4      | Bought a potion of heal wounds for 50 gold pieces
  3773 | D:4      | Found an opulent altar of Gozag.
  4060 | D:4      | Reached XP level 8. HP: 40/59 MP: 8/8
  4390 | D:5      | Entered Level 5 of the Dungeon
  4540 | D:5      | Reached skill level 6 in Shapeshifting
  4681 | D:5      | Noticed Blork the orc
  4699 | D:5      | Killed Blork the orc
  4979 | D:5      | Noticed Prince Ribbit
  4988 | D:5      | Killed Prince Ribbit
  5228 | D:6      | Reached skill level 10 in Unarmed Combat
  5232 | D:6      | Noticed tymior's ghost (amateur DsDe)
  5333 | D:6      | Reached ***** piety under Trog
  5447 | D:6      | Reached skill level 7 in Shapeshifting
  5447 | D:6      | Reached XP level 9. HP: 30/64 MP: 9/9
  5591 | D:6      | Found a transporter.
  5872 | D:7      | Found an ornate altar of the Wu Jian Council.
  5887 | D:7      | Found a bloodstained altar of Trog.
  6153 | D:7      | Found a sacrificial altar of Ru.
  6206 | D:7      | Found a staircase to the Ecumenical Temple.
  6802 | D:8      | Reached skill level 5 in Fighting
  7217 | D:8      | Reached skill level 8 in Shapeshifting
  7573 | D:9      | Noticed Harold
  7593 | D:8      | Reached XP level 10. HP: 81/86 MP: 10/10
  7918 | D:9      | Received a gift from Trog
  8028 | D:9      | Killed Harold
  8029 | D:9      | Reached skill level 9 in Shapeshifting
  8290 | D:10     | Entered Level 10 of the Dungeon
  8560 | D:10     | Reached skill level 10 in Fighting
  8718 | D:10     | Noticed a two-headed ogre
  8731 | D:10     | Killed a two-headed ogre
  8779 | D:10     | Noticed a two-headed ogre
  8792 | D:10     | Killed a two-headed ogre
  8793 | D:10     | Reached XP level 11. HP: 101/101 MP: 11/11
  8922 | D:10     | Found a staircase to the Lair.
  9017 | D:10     | Found Laceiw's Weapon Boutique.
  9019 | D:10     | Found a staircase to the Orcish Mines.
  9021 | D:10     | Found Enguse's Armour Boutique.
  9061 | D:10     | Noticed a boulder beetle
  9222 | D:10     | Killed a boulder beetle
  9333 | D:10     | Noticed an ogre mage
  9410 | D:10     | Paralysed by something for 2 turns
  9497 | D:10     | Noticed a centaur warrior
  9515 | D:10     | Killed a centaur warrior
  9516 | D:10     | Reached skill level 10 in Shapeshifting
  9521 | D:10     | Noticed a deep elf pyromancer
  9527 | D:10     | Killed a deep elf pyromancer
  9536 | D:10     | Noticed an ogre mage
  9539 | D:10     | Killed an ogre mage
  9545 | D:10     | Noticed a cyan ugly thing
  9549 | D:10     | Noticed a green ugly thing
  9631 | D:10     | Paralysed by something for 3 turns
  9810 | D:10     | Reached skill level 5 in Dodging
  9956 | D:10     | Noticed a death knight
  9971 | D:10     | Killed a death knight
 10182 | D:10     | Killed an ogre mage
 10318 | D:10     | Noticed a boulder beetle
 10347 | D:10     | Killed a boulder beetle
 10794 | D:11     | Noticed a green ugly thing
 10825 | D:11     | Killed a purple ugly thing
 11610 | D:12     | Reached skill level 11 in Shapeshifting
 11613 | D:12     | Reached XP level 12. HP: 76/110 MP: 12/12
 12746 | D:13     | Identified the +1 chain mail of Evolution {Str+3 Dex+3
                  | SInv}
 12781 | D:13     | Noticed a tengu warrior
 12806 | D:13     | Killed a tengu warrior
 12933 | D:13     | Noticed a tengu warrior
 12950 | D:13     | Killed a tengu warrior
 12951 | D:13     | Reached skill level 10 in Dodging
 13244 | D:13     | Noticed Nessos
 13246 | D:13     | Nessos changed into Nessos the yak
 13246 | D:13     | Noticed Nessos
 13252 | D:13     | Killed Nessos the yak
 13316 | D:13     | Reached skill level 12 in Shapeshifting
 13922 | D:14     | Noticed a centaur warrior
 13941 | D:14     | Killed a centaur warrior
 13942 | D:14     | Noticed a boulder beetle
 13954 | D:14     | Killed a boulder beetle
 14014 | D:14     | Noticed a centaur warrior
 14023 | D:14     | Killed a centaur warrior
 14024 | D:14     | Reached XP level 13. HP: 58/116 MP: 13/13
 14821 | D:14     | Identified the +1 trident of Infinity {drain, rC++ Will+}
 15280 | D:14     | Paralysed by an ogre mage for 3 turns
 15356 | D:14     | Reached skill level 13 in Shapeshifting
 16430 | D:14     | Got Sif Muna's Vademecum on Geometric Freezing
 16567 | D:14     | Reached skill level 1 in Evocations
 16893 | D:14     | Found a gate to the Vaults.
 17129 | D:15     | Entered Level 15 of the Dungeon
 17170 | D:15     | Gained mutation: Your large and strong wings let you fly.
                  | [Black Draconian growth]
 17170 | D:15     | Reached XP level 14. HP: 121/124 MP: 14/14
 17173 | D:15     | Received a gift from Trog
 18028 | D:15     | Reached skill level 5 in Evocations
 18347 | D:15     | Found a portal to a secret trove of treasure.
 18783 | D:15     | Found a staircase to the Depths.
 18790 | D:15     | Reached skill level 14 in Shapeshifting
 19496 | Orc:1    | Entered Level 1 of the Orcish Mines
 19549 | Orc:2    | Entered Level 2 of the Orcish Mines
 19549 | Orc:2    | Found Luany's Armour Shoppe.
 21015 | Orc:1    | Found Ileedubo's Magic Scroll Shop.
 21023 | Orc:1    | Bought a scroll of poison for 60 gold pieces
 21417 | Orc:2    | Found Unaitwat's General Store.
 21684 | Orc:2    | Found Ceahigho's Magic Scroll Shop.
 21684 | Orc:2    | Found Moju's Weapon Emporium.
 21691 | Orc:2    | Found Emuxzobu's Antique Weapon Shoppe.
 21692 | Orc:2    | Found Miotzuzom's Assorted Antiques.
 21714 | Orc:2    | Bought a scroll labelled IMEONT SYNTALL for 25 gold pieces
 21714 | Orc:2    | Bought a scroll labelled ODOS ABIE for 25 gold pieces
 21781 | Orc:2    | Found a staircase to the Elven Halls.
 21880 | Orc:2    | Bought a scroll of identify for 26 gold pieces
 21880 | Orc:2    | Bought a scroll of teleportation for 39 gold pieces
 21880 | Orc:2    | Bought a scroll of identify for 26 gold pieces
 21880 | Orc:2    | Bought a scroll of teleportation for 39 gold pieces
 21880 | Orc:2    | Bought a scroll of fear for 52 gold pieces
 21880 | Orc:2    | Bought a scroll of teleportation for 39 gold pieces
 21880 | Orc:2    | Bought a scroll of teleportation for 39 gold pieces
 21880 | Orc:2    | Bought a scroll of identify for 26 gold pieces
 21880 | Orc:2    | Bought 3 scrolls of torment for 370 gold pieces
 21888 | Orc:2    | Bought a scroll of identify for 50 gold pieces
 21917 | Orc:2    | Bought a wand of mindburst (9) for 138 gold pieces
 21917 | Orc:2    | Bought a potion of haste for 110 gold pieces
 21944 | Orc:1    | Bought a scroll of blinking for 112 gold pieces
 21944 | Orc:1    | Bought a scroll of identify for 30 gold pieces
 21944 | Orc:1    | Bought a scroll of identify for 30 gold pieces
 21946 | Orc:1    | Bought a scroll of silence for 142 gold pieces
 21946 | Orc:1    | Bought a scroll of teleportation for 45 gold pieces
 21946 | Orc:1    | Bought 3 scrolls of revelation for 337 gold pieces
 21946 | Orc:1    | Bought a scroll of silence for 142 gold pieces
 21984 | D:10     | Bought a +2 pair of boots of rampaging for 279 gold pieces
 22011 | Lair:1   | Entered Level 1 of the Lair of Beasts
 22080 | Lair:1   | Noticed Gastronok
 22121 | Lair:1   | Killed Gastronok
 22366 | Lair:1   | Found a frozen archway.
 22375 | Lair:1   | Reached XP level 15. HP: 123/129 MP: 15/15
 22392 | IceCv    | Entered an ice cave
 22536 | IceCv    | Reached skill level 10 in Evocations
 24151 | Lair:2   | Identified the +1 pair of boots "Kuutwici" {rN+++ Will-
                  | Stlth+}
 24189 | Lair:2   | Reached skill level 15 in Shapeshifting
 24349 | Lair:2   | Received a gift from Trog
 24357 | Lair:2   | Found a staircase to the Shoals.
 25800 | Lair:3   | Found a shimmering altar of Xom.
 25939 | Lair:3   | You are sucked into a shaft and drop 2 floors!
 25939 | Lair:5   | Entered Level 5 of the Lair of Beasts
 26422 | Lair:4   | Received a gift from Trog
 26616 | Lair:4   | Found a viscous altar of Jiyva.
 26622 | Lair:4   | Found a staircase to the Slime Pits.
 26734 | Lair:4   | Noticed Josephine
 26740 | Lair:4   | Killed Josephine
 28820 | Lair:5   | Identified the +7 plate armour of Proximity {^Drain +Blink
                  | Fly Regen+}
 28820 | Lair:5   | Identified the +0 battleaxe of Upheaval {freeze, Int+2
                  | Dex+3 Stlth+}
 29535 | Temple   | Entered the Ecumenical Temple
 29642 | D:6      | Killed tymior's ghost
 29646 | D:6      | Received a gift from Trog
 29652 | D:6      | Found a transporter.
 30086 | D:15     | You paid a toll of 6 scrolls of fear to enter a treasure
                  | trove
 30087 | Trove    | Entered a treasure trove
 30111 | Trove    | Identified the +6 war axe of Gogia {drain, Dex+4}
 30114 | Trove    | Identified the +7 great sword of Strategic Superiority
                  | {antimagic, rElec Will+ Dex+2 Stlth+}
 30578 | Lair:3   | Reached XP level 16. HP: 128/137 MP: 16/16
 30662 | Lair:3   | Found a hole to the Spider Nest.
 31027 | Lair:3   | Found a runed translucent door.
 31060 | Lair:3   | Reached skill level 16 in Shapeshifting
 31247 | Lair:3   | Found a runed translucent gate.
 31247 | Lair:3   | Found a runed translucent gate.
 31268 | Lair:3   | Found a runed translucent gate.
 31268 | Lair:3   | Found a runed translucent gate.
 31268 | Lair:3   | Found a runed translucent gate.
 31269 | Lair:3   | Found a runed translucent gate.
 31720 | Shoals:1 | Entered Level 1 of the Shoals
 34148 | Shoals:2 | Reached ****** piety under Trog
 34663 | Shoals:2 | Reached skill level 15 in Unarmed Combat
 34740 | Shoals:2 | Received a gift from Trog
 35533 | Shoals:2 | Upgraded the game from 0.31.0-11-ge490571c62 to
                  | 0.31.0-12-g77e489cdc1
 36255 | Shoals:3 | Reached skill level 17 in Shapeshifting
 36516 | Shoals:3 | Found Muelitim's Distillery.
 36521 | Shoals:3 | Bought a potion of mutation for 104 gold pieces
 36521 | Shoals:3 | Bought a potion of resistance for 130 gold pieces
 36521 | Shoals:3 | Bought a potion of heal wounds for 65 gold pieces
 36521 | Shoals:3 | Bought a potion of resistance for 130 gold pieces
 36521 | Shoals:3 | Bought a potion of resistance for 130 gold pieces
 36577 | Shoals:3 | Reached XP level 17. HP: 142/144 MP: 17/17
 36865 | Shoals:3 | Received a gift from Trog
 37646 | Shoals:4 | Entered Level 4 of the Shoals
 37700 | Shoals:4 | Noticed Polyphemus
 37728 | Shoals:4 | Killed Polyphemus
 39750 | Shoals:4 | Killed from afar by a merfolk aquamancer

Illustrated notes

Levels and vault maps discovered:
D:1:      co_arrival_random_square_maze, layout_basic,
          ebering_ecumenical_altar_rust
D:2:      layout_rooms, basic_altar, uniq_natasha
D:3:      layout_basic, mainiacjoe_overflow_divided_tiny, portal_sewer_entry_c,
          minmay_bisected, uniq_jessica
D:4:      minmay_inner_zag, layout_loops_ring, old_standard_altar,
          amcnicky_altar_gilded, nicolae_specific_store, minmay_quadrilaterals,
          uniq_duvessa
D:5:      layout_rooms, uniq_prince_ribbit1, uniq_blork_the_orc
D:6:      layout_cave_pools, gammafunk_ghost_stat_death, serial_bayou_pond_d,
          minivault_23, due_unseen_surprise
D:7:      layout_loops_ring, mainiacjoe_overflow_catwalk_spiral,
          lemuel_crystal_altar, minmay_temple_entry_hall
D:8:      layout_cave_pools, chequers_serial_rivers_room_b
D:9:      layout_rooms, uniq_harold
D:10:     layout_long_grid, lair_entry_dummy, orc_david_3, minivault_28
D:11:     layout_basic, minivault_27
D:12:     layout_loops_corners, gauntlet_entry_generic
D:13:     layout_long_grid, uniq_nessos
D:14:     minmay_the_grid_square_5x5_4x4_mashed
          [minmay_the_grid_square_5x5_checkered_sparse,
          minmay_the_grid_square_5x5_pentomino_r,
          minmay_the_grid_square_5x5_detours,
          minmay_the_grid_square_5x5_three_walls,
          minmay_the_grid_square_5x5_spiral,
          minmay_the_grid_square_5x5_prize_deathbox,
          minmay_the_grid_square_5x5_prize_gold,
          minmay_the_grid_square_5x5_spiral_small,
          minmay_the_grid_square_5x5_percent,
          minmay_the_grid_square_5x5_prize_waves,
          minmay_the_grid_square_5x5_prize_open,
          minmay_the_grid_square_5x5_trominoes, minmay_the_grid_square_5x5_two,
          minmay_the_grid_square_5x5_checkered_statues,
          minmay_the_grid_square_5x5_meh, minmay_the_grid_square_5x5_seven],
          layout_stronghold, ximxim_vaults_locker_room, nicolae_two_hexagons
D:15:     gammafunk_enter_depths_forms, layout_long_grid,
          nicolae_trove_entry_path_of_doom,
          nicolae_concentric_dashed_squares_wild,
          chequers_serial_rivers_micro_d, lemuel_flame_loot_1
Temple:   hellmonk_temple_of_storms
Lair:1:   layout_hall_layers, portal_ice_cave_entry_pillars_1, uniq_gastronok
Lair:2:   layout_gridlike, minmay_shoals_entry_beasts,
          infiniplex_staircase_pool, serial_bayou_shore_b
Lair:3:   gammafunk_indiana_jones, layout_gridlike,
          nicolae_spider_entry_tight_spaces, basic_altar, grunt_megastairs_3
Lair:4:   layout_cave_shapes, slime_entry_1, beast_lair_carwin_5,
          infiniplex_staircase_pool_2, uniq_josephine
Lair:5:   minmay_lair_end_enchanted_forest, layout_regular_city
Shoals:1: layout_shoals
Shoals:2: layout_shoals, nicolae_shoals_bring_sunscreen
Shoals:3: layout_shoals, serial_shops, nicolae_shop_just_a_little_nook
Shoals:4: shoals_end_simple, layout_shoals, nicolae_shop_dragon_depot,
          kb_tengu_band, uniq_polyphemus, uniq_roxanne
Orc:1:    layout_caves, serial_shops, nicolae_shop_crystal
Orc:2:    st_orc_open, layout_caves, basic_altar, serial_shops, shop_fountains,
          shop

Skill      XL: |  1  2  3  4  5  6  7  8  9 10 11 12 13 14 15 16 17 |
---------------+----------------------------------------------------+-----
Unarmed Combat | 4 5 6 8 10 12 16 | 16.0
Shapeshifting  | 4 5 7 8 9 11 12 13 14 15 17 | 17.5
Fighting       | 7 10 11 12 | 12.7
Dodging        | 7 10 13 | 13.3
Evocations     | 2 9 11 | 11.1

Action                     |  1- 3 |  4- 6 |  7- 9 | 10-12 | 13-15 | 16-18 || total
---------------------------+-------+-------+-------+-------+-------+-------++-------
  Melee: Unarmed           |   147 |   209 |   302 |   494 |  1183 |   678 ||  3013
         Tailslap          |    17 |    16 |    49 |   123 |   230 |   141 ||   576
         Punch             |     1 |     5 |    10 |     1 |    93 |    79 ||   189
         Constrict         |       |       |       |       |     1 |       ||     1
 Invoke: Berserk           |       |       |     2 |     6 |     8 |       ||    16
         Brothers in Arms  |       |       |       |     3 |     4 |     1 ||     8
         Trog's Hand       |       |       |       |     2 |       |       ||     2
Ability: Breathe Lightning |       |       |     1 |       |       |     2 ||     3
  Evoke: Wand              |       |       |       |     2 |     1 |     8 ||    11
    Use: Potion            |       |       |       |     4 |     2 |     5 ||    11
         Scroll            |       |       |       |    14 |    16 |     4 ||    34
   Stab: Sleeping          |       |     1 |     1 |       |     6 |     2 ||    10
         Distracted        |       |       |     1 |       |     3 |       ||     4
         Held in net/web   |       |       |       |     1 |       |       ||     1
 Armour: Skin              |    65 |   111 |   150 |   228 |   526 |   378 ||  1458
  Dodge: Dodged            |   101 |   137 |   159 |   334 |  1023 |   660 ||  2414
  Block: Other             |       |       |    46 |    88 |   231 |   135 ||   500
         Reflection        |       |       |     4 |     6 |     5 |    14 ||    29
   Form: Flux              |       |       |     1 |       |     3 |       ||     4
         Blade             |       |       |       |     1 |     3 |       ||     4
         Serpent           |       |       |       |       |     1 |       ||     1
         Statue            |       |       |       |       |       |     1 ||     1
